 Dungeon Crawl Stone Soup version 0.31-a0-1570-g93c622d222 (webtiles) character file.

Game seed: 1157481125137687839

13181 SmokeWeed the Carver (level 11, -1/86 HPs)
             Began as a Demonspawn Gladiator on Jan 2, 2024.
             Was an Initiate of Gozag.
             Slain by a swamp worm (13 damage)
             ... on level 11 of the Dungeon on Jan 4, 2024.
             The game lasted 00:38:18 (10126 turns).

SmokeWeed the Carver (Demonspawn Gladiator)        Turns: 10126, Time: 00:38:19

Health: -1/86      AC: 26    Str: 16    XL:     11   Next: 72%
Magic:  15/15      EV:  7    Int:  8    God:    Gozag
Gold:   2163       SH:  0    Dex: 22    Spells: 13/16 levels left

rFire   . . .        N - +2 long sword
rCold   + . .        (no shield)
rNeg    . . .        d - +6 plate armour
rPois   .            c - +2 helmet
rElec   .            v - +0 cloak
rCorr   .            n - +0 pair of gloves
SInv    .            g - +0 pair of boots
Will    +....        (no amulet) Stlth
                     r - ring of protection from cold
HPRegen 0.34/turn    t - ring of willpower
MPRegen 0.14/turn

%: no passive effects
@: no status effects
A: hooves 2, thin skeletal structure 2, spiny 2, demonic magic 2
a: Renounce Religion, Potion Petition, Call Merchant, Bribe Branch


You were on level 11 of the Dungeon.
You worshipped Gozag.
Gozag was most pleased with you.
You visited 2 branches of the dungeon, and saw 12 of its levels.
You also visited: Bailey.

You collected 2211 gold pieces.
You paid 48 gold pieces to Gozag.

Inventory:

Hand Weapons
 a - a +0 long sword of flaming
 u - a +2 hand axe of flaming
 y - the +4 mace "Povoekk" {heavy, rN+ Will+}
   (You found it on level 5 of the Dungeon)

   rN+:       It protects you from negative energy.
   Will+:     It increases your willpower.
 N - a +2 long sword (weapon)
 O - a +2 falchion of electrocution
Missiles
 b - 27 poisoned darts
 e - 3 javelins
 w - 3 curare-tipped darts (quivered)
 B - 6 datura-tipped darts
 F - 5 boomerangs
Armour
 c - a +2 helmet (worn)
 d - a +6 plate armour (worn)
 g - a +0 pair of boots (worn)
 n - a +0 pair of gloves (worn)
 v - a +0 cloak (worn)
 G - a +0 plate armour
 P - a +0 pair of gloves
Jewellery
 q - a ring of willpower
 r - a ring of protection from cold (left hand)
 t - a ring of willpower (right hand)
 x - a ring of fire
 K - a ring of magical power
 M - a ring of magical power
 Q - an amulet of magic regeneration
Talismans
 p - a flux talisman
Wands
 J - a wand of iceblast (6)
 L - a wand of polymorph (4)
Scrolls
 f - 2 scrolls of identify
 i - 3 scrolls of fog
 o - 3 scrolls of teleportation
 D - a scroll of revelation {unknown}
Potions
 h - a potion of heal wounds
 j - 2 potions of might
 k - 3 potions of enlightenment {unknown}
 l - 3 potions of attraction
 m - a potion of haste {unknown}
 s - a potion of brilliance {unknown}
 z - a potion of magic {unknown}
 A - 2 potions of berserk rage {unknown}
 C - a potion of degeneration {unknown}
 E - 2 potions of mutation {unknown}
 H - 2 potions of cancellation {unknown}
 I - 2 potions of ambrosia {unknown}


   Skills:
 * Level 8.1 Fighting
 + Level 10.4 Long Blades
 * Level 7.5 Throwing
 * Level 7.5 Armour
 + Level 3.7 Dodging
 + Level 3.3 Stealth
 + Level 3.0 Spellcasting
 + Level 3.6 Air Magic
 + Level 0.3 Evocations


You had 13 spell levels left.
You knew the following spells:

 Your Spells              Type           Power      Damage    Failure   Level
a - Swiftness             Air            7%         N/A       100%        3

Your spell library contained the following spells:

 Spells                   Type           Power      Damage    Failure   Level
 Shock                    Conj/Air       16%        1d4       99%         1
 Foxfire                  Conj/Fire      4%         2x1d4     100%        1
 Necrotise                Necr           4%         1d4       100%        1
 Jinxbite                 Hex            2%         N/A       100%        2
 Call Canine Familiar     Summ           1%         N/A       100%        3
 Sigil of Binding         Hex            1%         N/A       100%        3
 Stone Arrow              Conj/Erth      2%         3d7       100%        3
 Summon Ice Beast         Ice/Summ       1%         N/A       100%        3
 Tukima's Dance           Hex            1%         N/A       100%        3
 Vampiric Draining        Necr           1%         2d6       100%        3
 Airstrike                Air            3%         2d(1-17)  100%        4
 Animate Armour           Summ/Erth      2%         N/A       100%        4
 Dimensional Bullseye     Hex/Tloc       0%         N/A       100%        4
 Martyr's Knell           Necr/Summ      1%         N/A       100%        4
 Curse of Agony           Necr           1%         N/A       100%        5
 Summon Mana Viper        Hex/Summ       1%         N/A       100%        5
 Yara's Violent Unravell  Hex/Alch       0%         3d3       100%        5
 Plasma Beam              Fire/Air       2%         2x1d12    100%        6
 Starburst                Conj/Fire      0%         6d3       100%        6
 Enfeeble                 Hex            0%         N/A       100%        7
 Monstrous Menagerie      Summ           0%         N/A       100%        7
 Lehudib's Crystal Spear  Conj/Erth      0%         10d2      100%        8


Dungeon Overview and Level Annotations

Branches:
Dungeon (11/15)            Temple (1/1) D:4            Lair (0/5) D:8
 Bailey (visited)
    Orc: D:9-12

Altars:
Ashenzari
Cheibriados
Dithmenos
Fedhas
Gozag
Hepliaklqana
Kikubaaqudgha
Makhleb
Nemelex Xobeh
Okawaru
Qazlal
Ru
Sif Muna
Trog
Uskayaw
Vehumet
Wu Jian
Xom
Yredelemnul

Shops:
D:6 (

Portals:
Trove: D:10 (give 5 scrolls of fog)

Annotations:
D:9 exclusion: ice statue


Innate Abilities, Weirdness & Mutations

You have hoof-like feet.
You have a moderately thin skeletal structure. (Dex +4, Stealth++)
You are mostly covered in sharp spines.
Spells you cast may paralyse nearby enemies.


Message History

The swamp worm bites you!
You see here 25 gold pieces.
You hit the swamp worm.
The swamp worm is lightly wounded.
The swamp worm closely misses you.
You closely miss the swamp worm.
The swamp worm is lightly wounded.
The swamp worm is distracted by your dazzling golden aura.
You catch the helpless swamp worm completely off-guard!
You slash the swamp worm!
The swamp worm is no longer distracted by gold.
The swamp worm is heavily wounded.
The swamp worm is struck by your spines.
The swamp worm bites you!
* * * LOW HITPOINT WARNING * * *
You completely miss the swamp worm.
The swamp worm is severely wounded.
The swamp worm is struck by your spines.
The swamp worm bites you!
* * * LOW HITPOINT WARNING * * *
You feel much better.
The swamp worm bites you but does no damage.
You slice the swamp worm!!
You kill the swamp worm!
You barely miss the swamp worm.
The swamp worm is lightly wounded.
The swamp worm barely misses you.
You closely miss the swamp worm.
The swamp worm is lightly wounded.
The swamp worm barely misses you.
You slash the swamp worm!
The swamp worm is heavily wounded.
The swamp worm bites you!
* * * LOW HITPOINT WARNING * * *
You slash the swamp worm!
The swamp worm is heavily wounded.
The swamp worm is struck by your spines.
The swamp worm bites you!
You die...
Your body crumbles into a pile of gold.

#~~##~##~~#
#~≈P~P≈~#
#~~~~~~~#
##~~~~~.#
####...## ###.w#
########'##
...........#####
...........w@..#
...........###.#
...........# ...
...........#
####
####...........#
...+...........#
####........<..#
########'###
###.#


You could see a swamp worm.

Vanquished Creatures
  A centaur warrior (D:9)
  A death yak (D:8)
  2 two-headed ogres (D:10)
  A gargoyle (D:10)
  2 kobold demonologists (D:10)
  A tyrant leech (D:11)
  3 trolls (D:10)
  Prince Ribbit (Bailey)
  2 hornets
  A vampire (D:10)
  6 yaks (D:10)
  3 humans (Bailey)
  A wraith (D:11)
  3 wyverns
  3 basilisks
  2 acid dragons
  2 swamp worms (D:11)
  2 water moccasins
  2 sky beasts
  6 orc warriors
  3 ogres
  4 centaurs
  2 kobold brigands
  14 bullfrogs
  4 necrophages (D:4)
  5 scorpions
  5 wights
  24 killer bees
  2 howler monkeys
  3 bombardier beetles
  A bullfrog zombie (D:4)
  7 orc priests
  A hound (D:4)
  2 jellies
  A sleepcap (D:6)
  5 iguanas
  A gnoll bouda (D:5)
  14 orc wizards
  2 scorpion zombies (D:4)
  A hound zombie (D:4)
  9 gnolls
  10 adders
  2 shadow imps
  2 ufetubi (D:6)
  2 ribbon worms (D:4)
  3 dart slugs
  46 orcs
  5 bats
  10 endoplasms
  5 giant cockroaches
  15 goblins
  8 hobgoblins
  10 jackals
  8 kobolds
  3 quokkas
  7 ball pythons
  8 frilled lizards
  4 rats
303 creatures vanquished.

Notes
Turn   | Place    | Note
-------+----------+-------------------------------------------
     0 | D:1      | SmokeWeed the Demonspawn Gladiator began the quest for the
                  | Orb.
     0 | D:1      | Reached XP level 1. HP: 16/16 MP: 1/1
    90 | D:1      | Gained mutation: You are partially covered in sharp spines.
                  | [demonic ancestry]
    90 | D:1      | Reached XP level 2. HP: 22/22 MP: 2/2
   254 | D:1      | Reached skill level 3 in Long Blades
   547 | D:1      | Reached XP level 3. HP: 28/28 MP: 3/3
   762 | D:1      | You fall into a shaft and drop 1 floor!
  1524 | D:3      | Gained mutation: You are mostly covered in sharp spines.
                  | [demonic ancestry]
  1524 | D:3      | Reached XP level 4. HP: 31/34 MP: 4/4
  1668 | D:3      | Reached skill level 4 in Long Blades
  1697 | D:3      | Reached skill level 1 in Armour
  1905 | D:3      | Gained mutation: You have large cloven feet. [demonic
                  | ancestry]
  1905 | D:3      | Reached XP level 5. HP: 39/39 MP: 5/5
  2344 | D:4      | Reached skill level 5 in Long Blades
  2441 | D:4      | Gained mutation: You have a somewhat thin skeletal
                  | structure. (Dex +2, Stealth+) [demonic ancestry]
  2441 | D:4      | Reached XP level 6. HP: 46/46 MP: 6/6
  2627 | D:4      | Found a staircase to the Ecumenical Temple.
  2641 | Temple   | Entered the Ecumenical Temple
  2674 | Temple   | Became a worshipper of Gozag Ym Sagoz the Greedy
  2737 | D:4      | Learned a level 3 spell: Swiftness
  2801 | D:4      | Gained mutation: You have a moderately thin skeletal
                  | structure. (Dex +4, Stealth++) [demonic ancestry]
  2801 | D:4      | Reached XP level 7. HP: 53/53 MP: 7/7
  2810 | D:4      | Reached skill level 1 in Air Magic
  2973 | D:4      | Found a blossoming altar of Fedhas.
  3238 | D:4      | Reached skill level 6 in Long Blades
  3238 | D:4      | Reached skill level 1 in Spellcasting
  3337 | D:5      | Entered Level 5 of the Dungeon
  3410 | D:5      | Found a shadowy altar of Dithmenos.
  3436 | D:5      | Gained mutation: Spells you cast may paralyse adjacent
                  | enemies. [demonic ancestry]
  3436 | D:5      | Reached XP level 8. HP: 43/60 MP: 9/9
  3475 | D:5      | Upgraded the game from 0.31-a0-1549-g5ff9445e89 to
                  | 0.31-a0-1570-g93c622d222
  3515 | D:5      | Identified the +4 mace "Povoekk" {heavy, rN+ Will+}
  3969 | D:5      | Reached skill level 7 in Long Blades
  4304 | D:6      | Noticed a hornet
  4309 | D:6      | Killed a hornet
  4355 | D:6      | Found Qojeon's Antique Weapon Boutique.
  4378 | D:6      | Reached XP level 9. HP: 41/67 MP: 12/12
  4503 | D:6      | Reached skill level 5 in Fighting
  4565 | D:6      | Identified the +2 cloak of the Louse {rF+ Dex+4}
  4730 | D:6      | Got the Treatise on Volatile Ill Luck
  4853 | D:6      | Reached skill level 1 in Stealth
  5147 | D:7      | Found a flagged portal.
  5187 | Bailey   | Entered a bailey
  5396 | Bailey   | Noticed Prince Ribbit
  5409 | Bailey   | Killed Prince Ribbit
  5410 | Bailey   | Reached skill level 8 in Long Blades
  5444 | Bailey   | Noticed a vault guard
  5674 | D:7      | Reached skill level 5 in Armour
  5811 | D:7      | Found a hazy altar of Hepliaklqana.
  6516 | D:8      | Gained mutation: You have hoof-like feet. [demonic
                  | ancestry]
  6516 | D:8      | Reached XP level 10. HP: 51/76 MP: 14/14
  6789 | D:8      | Found a staircase to the Lair.
  6789 | D:8      | Noticed a death yak
  6822 | D:8      | Killed a death yak
  6823 | D:8      | Reached skill level 5 in Throwing
  7471 | D:9      | Noticed a centaur warrior
  7488 | D:9      | Killed a centaur warrior
  7714 | D:9      | Reached skill level 9 in Long Blades
  7918 | D:9      | Found a sparkling altar of Nemelex Xobeh.
  8061 | D:9      | Found a radiant altar of Vehumet.
  8099 | D:9      | Noticed an ice statue
  8398 | D:10     | Entered Level 10 of the Dungeon
  8482 | D:10     | Gained mutation: Spells you cast may paralyse nearby
                  | enemies. [demonic ancestry]
  8482 | D:10     | Reached XP level 11. HP: 81/84 MP: 15/15
  8618 | D:10     | Noticed a two-headed ogre
  8619 | D:10     | Noticed a soul eater
  8854 | D:10     | Found a portal to a secret trove of treasure.
  9214 | D:10     | Found a snail-covered altar of Cheibriados.
  9327 | D:10     | Killed a two-headed ogre
  9328 | D:10     | Reached skill level 10 in Long Blades
  9708 | D:10     | Noticed a two-headed ogre
  9732 | D:10     | Killed a two-headed ogre
 10126 | D:11     | Slain by a swamp worm

Illustrated notes

Levels and vault maps discovered:
D:1:      lemuel_arrival_lava_pool, layout_loops_ring,
          dreamdust_mushroom_princess
D:2:      layout_basic, minmay_tromino_v2
D:3:      layout_loops_ring
D:4:      layout_cave_pools, fedhas_altar_decomposition,
          minmay_temple_entry_poolview, nicolae_concentric_dashed_squares_wild
D:5:      layout_loops_ring, nicolae_dithmenos_shadow_blocks
D:6:      minmay_evil_eye, layout_basic, mainiacjoe_overflow_catwalk,
          serial_shops, nicolae_shop_temple_entry_statues_fountains,
          serial_library_hellmonk_metal_room
D:7:      layout_basic, mainiacjoe_overflow_concentric_impassable,
          enter_bailey_5
D:8:      layout_loops_cross, david_lair_generic, roderic_filled_cross
D:9:      layout_roguey, zin_treasury, vehumet_crystals,
          nemelex_diamond_rough_becter, minivault_16
D:10:     layout_roguey, marbit_many_paths, nicolae_trove_entry_crossroad,
          onia_ninara_cookie
D:11:     layout_roguey, orc_0_dummy, serial_shops, shop, chequers_jeans,
          worms_lemuel
Temple:   nicolae_temple_superstar

Skill      XL: |  1  2  3  4  5  6  7  8  9 10 11 |
---------------+----------------------------------+-----
Long Blades    | 3 4 5 6 7 8 9 10 | 10.4
Dodging        | 3 |  3.7
Armour         | 1 2 3 4 5 6 7 |  7.5
Fighting       | 3 4 6 7 8 |  8.1
Throwing       | 2 3 4 6 7 |  7.5
Air Magic      | 1 3 |  3.6
Spellcasting   | 1 2 3 |  3.0
Stealth        | 2 3 |  3.3
Evocations     | |  0.3

Action                     |  1- 3 |  4- 6 |  7- 9 | 10-12 || total
---------------------------+-------+-------+-------+-------++-------
  Melee: Long sword        |    80 |    86 |   310 |   308 ||   784
         Punch             |     1 |     2 |     4 |     3 ||    10
  Throw: Dart              |       |     1 |     5 |    12 ||    18
         Throwing net      |       |       |     2 |     1 ||     3
         Boomerang         |       |       |       |    64 ||    64
         Javelin           |       |       |       |    10 ||    10
  Evoke: Wand              |       |       |       |     2 ||     2
    Use: Scroll            |     4 |     6 |     2 |     6 ||    18
         Potion            |       |       |       |     4 ||     4
   Stab: Distracted        |       |       |     1 |     5 ||     6
         Sleeping          |       |       |     1 |     1 ||     2
         Held in net/web   |       |       |       |     1 ||     1
 Armour: Leather armour    |     6 |       |       |       ||     6
         Scale mail        |    27 |       |       |       ||    27
         Chain mail        |     8 |    47 |   188 |    62 ||   305
         Plate armour      |       |       |     4 |   232 ||   236
  Dodge: Dodged            |    38 |    30 |   108 |   105 ||   281

Table legend: (Time is in decaauts)
 A = Elapsed time spent in this place.
 B = Non-inter-level travel time spent in this place.
 C = Inter-level travel time spent in this place.
 D = Time resting spent in this place.
 E = Time spent auto-exploring this place.
 F = Levels seen in this place.
 G = Mean time per level.
                   A        B        C        D        E       F      G
               +--------+--------+--------+--------+--------+-----+--------+
         Total |  10164 |   9876 |    288 |    556 |   6394 |  13 |  781.8 |
       Dungeon |   9695 |   9407 |    288 |    388 |   6363 |  11 |  881.4 |
        Temple |     54 |     54 |      0 |      0 |      0 |   1 |   54.0 |
        Bailey |    414 |    414 |      0 |    168 |     31 |   1 |  414.0 |
               +--------+--------+--------+--------+--------+-----+--------+

Top non-repeatable levels by time:
    D:10: 1399 daAuts
     D:6: 1024 daAuts
     D:7: 973 daAuts
     D:8: 968 daAuts
     D:4: 958 daAuts
     D:9: 938 daAuts
     D:3: 838 daAuts
     D:1: 773 daAuts
     D:5: 755 daAuts
     D:2: 750 daAuts
  Bailey: 414 daAuts
    D:11: 314 daAuts
  Temple: 54 daAuts
